 Dungeon Crawl Stone Soup version 0.30-a0-121-gb27577e5d9 (webtiles) character file.

Game seed: 8271132118321996267

6 NinjaNoafa the Chopper (level 1, 19/19 HPs)
             Began as a Hill Orc Monk on Sept 14, 2022.
             Was a Believer of Sif Muna.
             Quit the game on level 1 of the Dungeon.
             The game lasted 00:00:34 (256 turns).

NinjaNoafa the Chopper (Hill Orc Monk)               Turns: 256, Time: 00:00:35

Health: 19/19      AC:  2    Str: 13    XL:     1   Next: 90%
Magic:  1/1        EV: 12    Int: 10    God:    Sif Muna [**....]
Gold:   55         SH:  0    Dex: 13    Spells: 0/0 levels left

rFire   . . .      SeeInvis .    a - +0 hand axe
rCold   . . .      Faith    .    (no shield)
rNeg    . . .      Spirit   .    b - +0 robe
rPois   .          Reflect  .    (no helmet)
rElec   .          Harm     .    (no cloak)
rCorr   .          Rampage  .    (no gloves)
Will    .....                    (no boots)
Stlth   ++........               (no amulet)
HPRegen 0.06/turn                (no ring)
MPRegen 0.07/turn                (no ring)

@: no status effects
A: no striking features
a: Renounce Religion, Channel Magic


You were on level 1 of the Dungeon.
You worshipped Sif Muna.
Sif Muna was pleased with you.
You visited 1 branch of the dungeon, and saw 1 of its levels.

You collected 55 gold pieces.

Inventory:

Hand Weapons
 a - a +0 hand axe (weapon)
Armour
 b - a +0 robe (worn)
Scrolls
 d - a scroll of poison {unknown}
 e - a scroll of acquirement {unknown}
Potions
 c - a potion of ambrosia
 f - a potion of heal wounds {unknown}


   Skills:
 - Level 3.6 Fighting
 + Level 4.6 Axes
 - Level 2.4 Dodging
 - Level 1.5 Stealth


You couldn't memorise any spells.
You didn't know any spells.
Your spell library was empty.

Dungeon Overview and Level Annotations

Branches:
Dungeon (1/15)

Altars:
Sif Muna


Message History

Found a dagger and a sling.
Found a faded altar of an unknown god.
Found a stone staircase leading down.
You now have 55 gold pieces (gained 12).
There is a faded altar of an unknown god here.
You see here a +0 dagger.
A ball python comes into view.
The ball python hisses angrily.
A frilled lizard comes into view.
The frilled lizard hisses angrily.
The ball python closely misses you. The ball python barely misses you.
You hit the ball python.
You kill the ball python!
You see here a ball python corpse.
The frilled lizard barely misses you.
You hit the frilled lizard but do no damage.
The frilled lizard completely misses you.
You miss the frilled lizard.
The frilled lizard completely misses you.
You hit the frilled lizard.
The frilled lizard is heavily wounded.
The frilled lizard bites you but does no damage.
A frilled lizard is nearby!
You slash the frilled lizard!
You kill the frilled lizard!
You see here a frilled lizard corpse.
You see here a frilled lizard corpse.
You see here a ball python corpse.
There is a faded altar of an unknown god here.
You see here a +0 dagger.
This altar belongs to (a) Sif Muna, (b) Xom or (c) the Shining One, but you can't tell which.
Press the corresponding letter to learn more about a god, or press enter to convert or escape to cancel.
Okay, then.
There is a faded altar of an unknown god here.
You see here a +0 dagger.
Unknown command.
Press < or > to pray at altars.
This altar belongs to (a) Sif Muna, (b) Xom or (c) the Shining One, but you can't tell which.
Press the corresponding letter to learn more about a god, or press enter to convert or escape to cancel.
Sif Muna accepts your prayer! Sif Muna welcomes you!
You can now call upon Sif Muna for magical energy.
Are you sure you want to abandon this character and quit the game? (Confirm with "yes".)

####### ######
......# #....# # #.#
♣.♣#.######
.####†###♣.♣#......#
.........♣.♣#......#
....>....♣.♣#......#
.........♣.♣#.._@..#
.....†...♣.♣.......#
#..........##.)...>#
.....[....######.#.#
..........# #...#
...######.# ###.#
##.######.# #.#
..........# ##.###
....####### #....#


There were no monsters in sight!

Vanquished Creatures
  A hobgoblin (D:1)
  A quokka (D:1)
  2 ball pythons (D:1)
  2 frilled lizards (D:1)
6 creatures vanquished.

Notes
Turn   | Place    | Note
-------+----------+-------------------------------------------
     0 | D:1      | NinjaNoafa the Hill Orc Monk began the quest for the Orb.
     0 | D:1      | Reached XP level 1. HP: 19/19 MP: 1/1
   156 | D:1      | Found a faded altar of an unknown god.
   254 | D:1      | Prayed at the altar of an unknown god.
   254 | D:1      | Became a worshipper of Sif Muna the Loreminder
   254 | D:1      | Reached * piety under Sif Muna
   254 | D:1      | Reached ** piety under Sif Muna
   256 | D:1      | Quit the game

Illustrated notes

Levels and vault maps discovered:
D:1:      minmay_arrival_radiant_lines, layout_loops_ring,
          ebering_ecumenical_altar_sacrificial, serial_forest,
          infiniplex_forest_clump_small, infiniplex_forest_straight_2,
          infiniplex_forest_lined_2, infiniplex_forest_zigzag_1,
          infiniplex_forest_corner_1, infiniplex_forest_straight_3,
          infiniplex_forest_lined_3, infiniplex_forest_straight_2

Action                   || total
-------------------------++-------
Melee: Hand axe          ||    15
Armor: Robe              ||     2
Dodge: Dodged            ||     9

Table legend: (Time is in decaauts)
 A = Elapsed time spent in this place.
 B = Non-inter-level travel time spent in this place.
 C = Inter-level travel time spent in this place.
 D = Time resting spent in this place.
 E = Time spent auto-exploring this place.
 F = Levels seen in this place.
 G = Mean time per level.
                   A        B        C        D        E       F      G
               +--------+--------+--------+--------+--------+-----+--------+
         Total |    257 |    218 |     39 |      0 |    154 |   1 |  257.0 |
       Dungeon |    257 |    218 |     39 |      0 |    154 |   1 |  257.0 |
               +--------+--------+--------+--------+--------+-----+--------+

Top non-repeatable levels by time:
     D:1: 257 daAuts
